 Dungeon Crawl Stone Soup version 0.30.1-11-g7821555f0a (webtiles) character file.

Game seed: 5752292532057714700

33 Ivernyr the Shield-Bearer (level 3, 0/29 HPs)
             Began as a Formicid Fighter on Dec 14, 2023.
             Slain by a goblin
             ... wielding a +0 dagger
             ... led by Robin
              (2 damage)
             ... on level 2 of the Dungeon.
             The game lasted 00:02:09 (760 turns).

Ivernyr the Shield-Bearer (Formicid Fighter)         Turns: 760, Time: 00:02:09

Health: 0/29       AC:  6    Str: 22    XL:     3   Next: 47%
Magic:  3/3        EV:  9    Int:  7    God:
Gold:   37         SH:  5    Dex: 13    Spells: 2/2 levels left

rFire   . . .        a - +0 quarterstaff
rCold   . . .        c - +0 buckler
rNeg    . . .        b - +0 scale mail
rPois   .            (helmet unavailable)
rElec   .            (no cloak)
rCorr   .            (no gloves)
SInv    +            (no boots)
Will    .....        (no amulet) Stlth
                     (no ring)
HPRegen 0.24/turn    (no ring)
MPRegen 0.08/turn

%: no passive effects
@: no status effects
A: permanent stasis, dig shafts and tunnels, antennae 3, four strong arms
a: Dig, Shaft Self


You were on level 2 of the Dungeon.
You visited 1 branch of the dungeon, and saw 2 of its levels.

You collected 37 gold pieces.

Inventory:

Hand Weapons
 a - a +0 quarterstaff (weapon)
Armour
 b - a +0 scale mail (worn)
 c - a +0 buckler (worn)
Scrolls
 f - a scroll of teleportation {unknown}
 g - a scroll of enchant armour {unknown}
 j - a scroll of acquirement {unknown}
 k - a scroll of identify {unknown}
 l - a scroll of blinking {unknown}
 m - a scroll of enchant weapon {unknown}
Potions
 d - a potion of might
 e - a potion of mutation {unknown}
 h - a potion of heal wounds {unknown}
 i - a potion of curing {unknown}


   Skills:
 + Level 3.6 Fighting
 * Level 2.7 Staves
 + Level 3.6 Armour
 + Level 4.4 Shields


You had 2 spell levels left.
You didn't know any spells.
Your spell library was empty.

Dungeon Overview and Level Annotations

Branches:
Dungeon (2/15)

Altars:

Annotations:
D:2 Robin


Innate Abilities, Weirdness & Mutations

You cannot be hasted, slowed, berserked, paralysed or teleported.
You can dig through walls and to a lower floor.
You have a pair of large antennae on your head. (SInv)
Your four strong arms can wield two-handed weapons with a shield.


Message History

You closely miss the hobgoblin.
The hobgoblin hits you but does no damage.
You block the goblin's attack. The hobgoblin barely misses you.
The goblin hits you with a +0 club. The hobgoblin attacks as you move away!
The hobgoblin closely misses you.
You thump the hobgoblin!
You kill the hobgoblin!
Robin throws the goblin at you!
You barely miss the goblin. The goblin barely misses you.
The goblin closely misses you.
You barely miss the goblin. The goblin hits you with a +0 club.
Robin zaps a wand.
Some rock shatters into small pieces.
A goblin comes into view. It is wielding a +0 dagger.
The goblin attacks as you move away! You block the goblin's attack.
The goblin shouts!
The goblin hits you with a +0 dagger. The goblin attacks as you move away!
You block the goblin's attack. The goblin hits you with a +0 dagger.
Robin throws the goblin at you!
You barely miss the goblin. The goblin closely misses you.
The goblin hits you with a +0 dagger. The goblin hits you with a +0 club.
Robin roars a battlecry!
The goblins go into a battle-frenzy!
You hear a shout! x2
You barely miss the goblin.
A hobgoblin comes into view.
The goblin closely misses you. The goblin hits you but does no damage.
The goblin hits you with a +0 club.
* * * LOW HITPOINT WARNING * * *
A goblin comes into view. It is wielding a +0 club.
The goblin hits you with a +0 dagger.
* * * LOW HITPOINT WARNING * * *
Robin zaps a wand.
Some rock shatters into small pieces.
The goblin hits you with a +0 dagger.
* * * LOW HITPOINT WARNING * * *
The goblin barely misses you.
You hit the goblin.
The goblin is almost dead.
The goblin closely misses you. The goblin hits you but does no damage.
The goblin hits you with a +0 dagger.
You die...

######## #......#
#.####.# ##.####.######
.............#
...##...####.# ###
##.........#.###g#
##.###.##....{##@# ##.#
#.......gggg# ##.#
#..#..#..#gg# ##.#
#........#gJ#
.<.####.#.##....g#
.....##†#.##..#..g###..#
.....##.........g..gJ..#
.....†....##.#.........#
.....#######.......{....


You could see Robin, an endoplasm, 3 hobgoblins and 7 goblins.

Vanquished Creatures
  A worm (D:2)
  A ball python (D:1)
  4 endoplasms (D:1)
  A giant cockroach (D:1)
  2 hobgoblins (D:2)
  2 quokkas (D:1)
  7 bats
  5 frilled lizards (D:1)
  3 kobolds
  3 rats
29 creatures vanquished.

Notes
Turn   | Place    | Note
-------+----------+-------------------------------------------
     0 | D:1      | Ivernyr the Formicid Fighter began the quest for the Orb.
     0 | D:1      | Reached XP level 1. HP: 18/18 MP: 1/1
   175 | D:1      | Reached XP level 2. HP: 21/24 MP: 2/2
   437 | D:1      | Reached XP level 3. HP: 29/29 MP: 3/3
   742 | D:2      | Noticed Robin
   759 | D:2      | HP: 1/29 [goblin/+0 dagger[Robin] (2)]
   760 | D:2      | Slain by a goblin

Illustrated notes

Levels and vault maps discovered:
D:1:      dpeg_arrival_stone_temple_mockup, layout_basic
D:2:      minmay_spotlight, layout_loops_cross, basic_altar, uniq_robin,
          uniq_sigmund, uniq_terence, uniq_jessica

Action                     || total
---------------------------++-------
  Melee: Quarterstaff      ||    97
 Armour: Scale mail        ||    61
  Dodge: Dodged            ||    56
  Block: Buckler           ||    37
